 Seeded DCSS version 0.27-a0-1456-gf5a116941d (webtiles) character file.

Game seed: 20210705 (custom seed)

85 muata the Skirmisher (level 4, 0/63 HPs)
             Began as a Minotaur Berserker on July 5, 2021.
             Was a Believer of Trog.
             Slain by Sigmund (3 damage)
             ... on level 3 of the Dungeon.
             The game lasted 00:03:36 (2522 turns).

muata the Skirmisher (Minotaur Berserker)           Turns: 2522, Time: 00:03:36

Health: 0/63       AC:  6    Str: 23    XL:     4   Next: 25%
Magic:  3/3        EV:  9    Int:  4    God:    Trog [**....]
Gold:   62         SH:  2    Dex:  9    Spells: 3/3 levels left

rFire    . . .     SeeInvis .   d - +0 war axe
rCold    . . .     Faith    .   k - +0 buckler
rNeg     . . .     Spirit   .   i - +0 scale mail
rPois    .         Reflect  .   (helmet restricted)
rElec    .         Harm     .   (no cloak)
rCorr    .         Rampage  .   (no gloves)
Will     .....                  (no boots)
Stlth    ..........             (no amulet)
HPRegen  0.20/turn              (no ring)
MPRegen  0.08/turn              (no ring)

@: berserking, very quick
A: horns 2, retaliatory headbutt
a: Renounce Religion, Berserk, Trog's Hand


You were on level 3 of the Dungeon.
You worshipped Trog.
Trog was pleased with you.
You visited 1 branch of the dungeon, and saw 3 of its levels.

You collected 62 gold pieces.

Inventory:

Hand Weapons
 a - a +0 hand axe
 d - a +0 war axe (weapon)
Armour
 b - a +0 animal skin
 i - a +0 scale mail (worn)
 k - a +0 buckler (worn)
Scrolls
 c - 2 scrolls of teleportation {unknown}
 e - a scroll of blinking {unknown}
 g - a scroll of fear {unknown}
 l - 2 scrolls of torment {unknown}
 m - a scroll of amnesia {unknown}
Potions
 f - 2 potions of heal wounds {unknown}
 h - a potion of degeneration {unknown}
 j - a potion of attraction {unknown}
 n - a potion of mutation {unknown}


   Skills:
 + Level 5.1 Fighting
 + Level 5.0 Axes
 - Level 2.4 Armour
 - Level 2.1 Dodging


You had 3 spell levels left.
You didn't know any spells.
Your spell library was empty.

Dungeon Overview and Level Annotations

Branches:
Dungeon (3/15)

Altars:
Sif Muna

Annotations:
D:3 Sigmund


Innate Abilities, Weirdness & Mutations

You have a pair of horns on your head.
You reflexively headbutt those who attack you in melee.


Message History

You kill the goblin!
Trog accepts your kill.
You see here a +0 club.
Found a stone staircase leading down.
You hear the rusting of a distant drain.
A kobold comes into view. It is wielding a +0 short sword.
The kobold shouts!
The kobold throws a stone.
The stone barely misses you.
Sigmund the Dreaded comes into view.
He is wielding a +0 scythe.
Sigmund shouts!
Sigmund casts a spell.
Sigmund flickers and vanishes!
Deactivating autopickup; reactivate with Ctrl-A.
Found a stone staircase leading up.
You closely miss the kobold. Your headbutt misses the kobold.
The kobold closely misses you. The kobold barely misses you.
You furiously retaliate!
You headbutt the kobold!
You kill the kobold!
Trog accepts your kill.
Things that are here:
a +0 short sword; 2 stones; a cyan potion A magic dart appears from out of thin air!
The magic dart hits you! Something hits you.
You closely miss something. Something hits you! x2
* * * LOW HITPOINT WARNING * * *
You miss something. Something hits you.
* * * LOW HITPOINT WARNING * * *
You miss something. Something hits you.
* * * LOW HITPOINT WARNING * * *
Something hits you.
* * * LOW HITPOINT WARNING * * *
A red film seems to cover your vision as you go berserk!
You feel yourself moving faster!
You feel mighty! Something hits you.
* * * LOW HITPOINT WARNING * * *
You closely miss something. Something hits you but does no damage.
You slice something!! You miss something. You block something's attack.
You hit something. Something hits you.
You die...

####. .# #..#.
.# #..#.#.###
###.......<###
.............
...........#
#.....{..#####
#.....@.......
#........####.
#.....)..#
#........#
#........#
#........######
#####.........#
#...#####.###
######### ##..#
#.....


There were no monsters in sight!

Vanquished Creatures
  A howler monkey zombie (D:3)
  An adder (D:3)
  A dart slug (D:1)
  An orc (D:2)
  3 ball pythons
  5 bats
  4 endoplasms
  A giant cockroach (D:1)
  6 goblins
  5 hobgoblins
  12 jackals
  4 kobolds
  2 quokkas
  3 frilled lizards (D:2)
  4 rats
53 creatures vanquished.

Notes
Turn   | Place    | Note
-------+----------+-------------------------------------------
     0 | D:1      | muata the Minotaur Berserker began the quest for the Orb.
     0 | D:1      | Reached XP level 1. HP: 19/19 MP: 0/0
   130 | D:1      | Reached XP level 2. HP: 25/27 MP: 1/1
   591 | D:1      | Reached XP level 3. HP: 22/34 MP: 2/2
   727 | D:1      | Reached ** piety under Trog
  1884 | D:2      | Found a faded altar of an unknown god.
  2405 | D:3      | Reached XP level 4. HP: 27/41 MP: 3/3
  2418 | D:3      | Found a shimmering blue altar of Sif Muna.
  2428 | D:3      | Reached skill level 5 in Fighting
  2428 | D:3      | Reached skill level 5 in Axes
  2509 | D:3      | Noticed Sigmund
  2518 | D:3      | HP: 3/63 [something (2)]
  2522 | D:3      | Slain by Sigmund

Illustrated notes

Levels and vault maps discovered:
D:1:      dpeg_arrival_signposts, layout_basic
D:2:      layout_loops_cross, basic_ecumenical_altar, minmay_liquid_box,
          st_stairs_2
D:3:      layout_basic, lemuel_tele_altar, general_overflow_altar,
          cheibrodos_sewer_entry_sluice, uniq_sigmund

Skill      XL: |  1  2  3  4 |
---------------+-------------+-----
Fighting       | 4 5 |  5.1
Axes           | 4 5 |  5.0
Armour         | |  2.4
Dodging        | |  2.1

Action                   |  1- 3 |  4- 6 || total
-------------------------+-------+-------++-------
Melee: Hand axe          |    31 |       ||    31
       Headbutt          |    13 |     1 ||    14
       War axe           |    76 |    13 ||    89
Invok: Berserk           |       |     1 ||     1
Armor: Animal skin       |    15 |       ||    15
       Scale mail        |    14 |     1 ||    15
Dodge: Dodged            |    69 |     6 ||    75
Block: Buckler           |     4 |     1 ||     5

Table legend: (Time is in decaauts)
 A = Elapsed time spent in this place.
 B = Non-inter-level travel time spent in this place.
 C = Inter-level travel time spent in this place.
 D = Time resting spent in this place.
 E = Time spent auto-exploring this place.
 F = Levels seen in this place.
 G = Mean time per level.
                   A        B        C        D        E       F      G
               +--------+--------+--------+--------+--------+-----+--------+
         Total |   2550 |   2466 |     84 |    309 |   1628 |   3 |  850.0 |
       Dungeon |   2550 |   2466 |     84 |    309 |   1628 |   3 |  850.0 |
               +--------+--------+--------+--------+--------+-----+--------+

Top non-repeatable levels by time:
     D:1: 1491 daAuts
     D:2: 865 daAuts
     D:3: 192 daAuts
